 Dungeon Crawl Stone Soup version 0.24-a0-580-g6a6c3f83c1 (webtiles) character file.

Game seed: 16657163796561307126

574 GordonOverkill the Sneak (level 7, 0/55 HPs)
             Began as a Demonspawn Assassin on Aug 22, 2019.
             Succumbed to an orc wizard's poison
             ... on level 4 of the Dungeon.
             The game lasted 00:11:11 (4512 turns).

GordonOverkill the Sneak (Demonspawn Assassin)      Turns: 4512, Time: 00:11:11

Health: 0/55       AC:  9    Str: 15 (18) XL:     7   Next: 12%
Magic:  3/7        EV: 10    Int: 10 (13) God:
Gold:   140        SH:  0    Dex: 13 (14) Spells: 6/6 levels left

rFire    . . .     SeeInvis .   a - +2 dagger
rCold    . . .     Gourm    .   j - +0 buckler
rNeg     . . .     Faith    .   g - +0 ring mail
rPois    .         Spirit   +   (no helmet)
rElec    .         Reflect  .   c - +0 cloak
rCorr    .         Harm     .   (no gloves)
MR       .....                  (no boots)
Stlth    +.........             (no amulet)
HPRegen  0.18/turn              (no ring)
MPRegen  0.10/turn              (no ring)

@: confused, mighty, lethally poisoned (0 -> -6), very slightly contaminated,
invisible (expiring)
A: icy blue scales 2, powered by pain 1, magic shield
a: no special abilities


You were on level 4 of the Dungeon.
You were not hungry.

You visited 1 branch of the dungeon, and saw 5 of its levels.

You collected 140 gold pieces.

Inventory:

Hand Weapons
 a - a +2 dagger (weapon)
Missiles
 b - 151 stones
 d - 18 poisoned darts (quivered)
 e - 2 curare-tipped darts
 o - 5 boomerangs
 x - a throwing net
Armour
 c - a +0 cloak (worn)
 g - a +0 ring mail (worn)
 j - a +0 buckler (worn)
Scrolls
 k - 3 scrolls of identify {unknown}
 l - a scroll of fog {unknown}
 m - 3 scrolls of blinking {unknown}
 p - a scroll of amnesia {unknown}
 q - 2 scrolls of teleportation {unknown}
 u - 2 scrolls of remove curse {unknown}
 v - a scroll of enchant weapon {unknown}
Potions
 h - a potion of cancellation {unknown}
 n - 3 potions of degeneration
 t - a potion of agility {unknown}
 z - a potion of haste {unknown}
 B - a potion of lignification {unknown}
Comestibles
 f - 17 rations
 A - 2 chunks of flesh


   Skills:
 + Level 4.3 Fighting
 + Level 3.9 Short Blades
 - Level 2.0 Throwing
 - Level 1.0 Dodging
 - Level 5.0 Stealth
 + Level 3.1 Shields


You had 6 spell levels left.
You didn't know any spells.
Your spell library was empty.

Dungeon Overview and Level Annotations

Branches:
Dungeon (5/15)
 Temple: D:4-7

Altars:
Ashenzari
Cheibriados
Gozag
Trog


Innate Abilities, Weirdness & Mutations

You are mostly covered in icy blue scales. (AC +3)
You sometimes gain a little power by taking damage.
When hurt, damage is shared between your health and your magic reserves.


Message History

You bump into the rock wall.
* * * LOW HITPOINT WARNING * * *
You feel sick. The necrophage hits you.
* * * LOW HITPOINT WARNING * * *
You're too confused to move!
* * * LOW HITPOINT WARNING * * *
You feel sick. The necrophage barely misses you.
You flicker for a moment.
* * * LOW HITPOINT WARNING * * *
You feel sick. The necrophage hits you.
* * * LOW HITPOINT WARNING * * *
You hit the orc wizard.
The orc wizard is moderately wounded.
* * * LOW HITPOINT WARNING * * *
You feel sick.
The necrophage hits you but does no damage.
The orc wizard barely misses you.
It was a potion of might.
You feel very mighty all of a sudden.
You die...

######## ######.##...##
##.##....#....###
#..#.......#....##
##........)####)..#
#.........#####.>.##
###........#@o.....#
###.......#on.#.#.##
#.........#........#
##..........^......#
#..................##
##................#..#
#.................##.#
###.......#.........##.###
#.#.......####......##...#


You could see a necrophage and 2 orc wizards.

Vanquished Creatures
  A sky beast (D:3)
  A phantom (D:4)
  A hound (D:3)
  Crazy Yiuf (D:2)
  2 orc priests
  Jessica (D:2)
  An orc wizard (D:5)
  2 worker ants
  9 adders
  A shadow imp (D:4)
  An ooze (D:2)
  A worm (D:2)
  3 dart slugs
  A leopard gecko (D:1)
  7 orcs
  4 giant cockroaches
  6 goblins
  7 hobgoblins
  10 jackals
  8 kobolds
  2 quokkas
  7 bats
  4 frilled lizards
  4 rats
85 creatures vanquished.

Notes
Turn   | Place    | Note
-------+----------+-------------------------------------------
     0 | D:1      | GordonOverkill the Demonspawn Assassin began the quest for
                  | the Orb.
     0 | D:1      | Reached XP level 1. HP: 16/16 MP: 1/1
    45 | D:1      | Reached skill level 1 in Dodging
   184 | D:1      | Gained mutation: You are partially covered in icy blue
                  | scales. (AC +2) [demonic ancestry]
   184 | D:1      | Reached XP level 2. HP: 22/22 MP: 2/2
   586 | D:1      | Gained mutation: You are mostly covered in icy blue scales.
                  | (AC +3) [demonic ancestry]
   586 | D:1      | Reached XP level 3. HP: 24/28 MP: 3/3
   893 | D:2      | Noticed Jessica
   902 | D:2      | Killed Jessica
   902 | D:2      | Reached skill level 4 in Stealth
   902 | D:2      | Reached skill level 1 in Shields
   910 | D:2      | Reached XP level 4. HP: 27/34 MP: 4/4
  1314 | D:2      | Found a runed translucent door.
  1315 | D:2      | Noticed Crazy Yiuf
  1361 | D:2      | Killed Crazy Yiuf
  1857 | D:2      | Found a bloodstained altar of Trog.
  2115 | D:2      | Gained mutation: You sometimes gain a little power by
                  | taking damage. [demonic ancestry]
  2115 | D:2      | Reached XP level 5. HP: 39/41 MP: 5/5
  2732 | D:3      | Found an opulent altar of Gozag.
  3318 | D:3      | Gained mutation: When hurt, damage is shared between your
                  | health and your magic reserves. [demonic ancestry]
  3318 | D:3      | Reached XP level 6. HP: 47/48 MP: 6/6
  3483 | D:4      | Found a snail-covered altar of Cheibriados.
  3486 | D:4      | Noticed a sky beast
  3573 | D:3      | Killed a sky beast
  4194 | D:4      | Reached XP level 7. HP: 54/54 MP: 7/7
  4392 | D:4      | Found a shattered altar of Ashenzari.
  4419 | D:5      | Entered Level 5 of the Dungeon
  4452 | D:5      | Reached skill level 5 in Stealth
  4510 | D:4      | HP: 2/55 [necrophage (1)]
  4512 | D:4      | Succumbed to an orc wizard's poison

Levels and vault maps discovered:
D:1:      dpeg_arrival_renting, layout_loops_ring
D:2:      layout_basic, lemuel_coloured_pillars_altar, minmay_bisected,
          uniq_jessica, uniq_crazy_yiuf_cottage
D:3:      layout_loops_corners, nicolae_gozag_cash_rules_everything_around_me
D:4:      layout_cave_pools, cheibriados_altar_1, lemuel_doored_altar,
          first_ration
D:5:      layout_gridville, marbit_many_paths, fedhas_altar_2

Skill      XL: |  1  2  3  4  5  6  7 |
---------------+----------------------+-----
Dodging        | 1 |  1.0
Short Blades   | 2 3 |  3.9
Throwing       | 2 |  2.0
Stealth        | 4 5 |  5.0
Shields        | 1 2 3 |  3.1
Fighting       | 3 4 |  4.3

Action                   |  1- 3 |  4- 6 |  7- 9 || total
-------------------------+-------+-------+-------++-------
Melee: Dagger            |    72 |   218 |    19 ||   309
Throw: Dart              |    26 |    87 |    13 ||   126
       Boomerang         |       |    21 |       ||    21
       Stone             |       |     1 |       ||     1
  Use: Potion            |       |       |     9 ||     9
 Stab: Sleeping          |     2 |       |       ||     2
  Eat: Chunk             |       |    10 |     1 ||    11
Armor: Ring mail         |    26 |    87 |    27 ||   140
Dodge: Dodged            |    23 |    86 |    20 ||   129
Block: Buckler           |    10 |    38 |     4 ||    52

Table legend:
 A = Non-vault XP
 B = Vault XP
 C = Vault XP percentage of total XP
 D = Non-vault monster count
 E = Vault monster count
 F = Vault count percentage of total count
                 A         B        C        D         E       F
            +---------+---------+-------+---------+---------+-------
      Total |     734 |      86 |  10.5 |      80 |       5 |   5.9
            +---------+---------+-------+---------+---------+-------
        D:1 |      47 |       0 |   0.0 |      26 |       0 |   0.0
        D:2 |      66 |      86 |  56.6 |      16 |       5 |  23.8
        D:3 |     320 |       0 |   0.0 |      22 |       0 |   0.0
        D:4 |     248 |       0 |   0.0 |      12 |       0 |   0.0
        D:5 |      53 |       0 |   0.0 |       4 |       0 |   0.0
            +---------+---------+-------+---------+---------+-------
